 Dungeon Crawl Stone Soup version 0.29.1-15-g9cfb28693d (webtiles) character file.

Game seed: 17257495718938404911

226 Gabide the Shooter (level 5, -5/46 HPs)
             Began as a Demigod Hunter on Apr 17, 2023.
             Slain by a black bear (6 damage)
             ... on level 4 of the Dungeon.
             The game lasted 00:05:32 (3842 turns).

Gabide the Shooter (Demigod Hunter)                 Turns: 3842, Time: 00:05:33

Health: -5/46      AC:  3    Str: 12    XL:     5   Next: 41%
Magic:  16/16      EV: 13    Int: 11    God:
Gold:   203        SH:  0    Dex: 21    Spells: 4/4 levels left

rFire   . . .      SeeInvis .   a - +0 shortbow
rCold   . . .      Faith    .   (shield currently unavailable)
rNeg    . . .      Spirit   .   c - +0 leather armour
rPois   .          Reflect  .   (no helmet)
rElec   .          Harm     .   (no cloak)
rCorr   .          Rampage  .   (no gloves)
Will    .....                   (no boots)
Stlth   ++........              (no amulet)
HPRegen 0.15/turn               g - ring of magical power
MPRegen 0.15/turn               (no ring)

@: no status effects
A: high MP 1, forlorn, divine attributes
a: no special abilities


You were on level 4 of the Dungeon.
You visited 1 branch of the dungeon, and saw 4 of its levels.

You collected 203 gold pieces.

Inventory:

Hand Weapons
 a - a +0 shortbow (weapon)
 j - a +0 rapier
 l - a +2 dagger of venom
Armour
 c - a +0 leather armour (worn)
Jewellery
 g - a ring of magical power (left hand)
Scrolls
 e - a scroll of identify
 h - a scroll of poison
Potions
 d - a potion of mutation
 k - a potion of berserk rage {unknown}
 n - a potion of degeneration {unknown}
 o - 2 potions of curing {unknown}


   Skills:
 - Level 4.0 Fighting
 - Level 4.0 Ranged Weapons
 + Level 3.7 Dodging
 - Level 1.0 Stealth


You had 4 spell levels left.
You didn't know any spells.
Your spell library contained the following spells:

 Spells                   Type           Power      Damage    Failure   Level
 Sandblast                Erth           0%         2d4       41%         1
 Passwall                 Tmut/Erth      0%         N/A       56%         2
 Stone Arrow              Conj/Erth      0%         3d7       80%         3


Dungeon Overview and Level Annotations

Branches:
Dungeon (4/15)
 Temple: D:4-7


Innate Abilities, Weirdness & Mutations

You have an increased reservoir of magic. (+10% MP)
You shall have no god before yourself.
Your divine heritage dramatically boosts your attributes as you level up.


Message History

You shoot an arrow. The arrow hits the black bear.
The black bear is almost dead.
The black bear bites you.
The black bear claws you but does no damage.
The black bear claws you.
You shoot an arrow. The arrow hits the black bear.
The black bear is almost dead.
The black bear goes berserk!
The black bear bites you. The black bear claws you. x2
You shoot an arrow. The arrow barely misses the black bear.
The black bear bites you! The black bear claws you.
* * * LOW HITPOINT WARNING * * *
The black bear misses you. The black bear closely misses you.
The black bear barely misses you. The black bear claws you.
* * * LOW HITPOINT WARNING * * *
You are too injured to fight recklessly!
You are too injured to fight recklessly!
You are too injured to fight recklessly!
You are too injured to fight recklessly!
You are too injured to fight recklessly!
You are too injured to fight recklessly!
You are too injured to fight recklessly!
You are too injured to fight recklessly!
You are too injured to fight recklessly!
You are too injured to fight recklessly!
You are too injured to fight recklessly!
You are too injured to fight recklessly!
You are too injured to fight recklessly!
You are too injured to fight recklessly!
Fire: a) +0 shortbow
Press: ? - help, Q - select action Shift-Dir - straight line, f/p - black bear
Aim: a black bear (almost dead, berserk, 72% to hit)
You shoot an arrow.
The arrow closely misses the black bear.
The black bear bites you.
* * * LOW HITPOINT WARNING * * *
The black bear claws you.
* * * LOW HITPOINT WARNING * * *
The black bear claws you.
You die...

#########
#.h......
#@# #.#
##.###
#....#
#....#
#....#
#....+
#....#
#....#


You could see a black bear (berserk).

Vanquished Creatures
  A hound (D:4)
  An orc priest (D:3)
  An iguana (D:4)
  Terence (D:2)
  3 adders
  A dart slug (D:1)
  7 orcs
  6 endoplasms
  8 hobgoblins
  4 jackals
  5 quokkas
  A ball python (D:3)
  6 bats
  5 frilled lizards
  9 goblins
  6 kobolds
  11 rats
76 creatures vanquished.

Vanquished Creatures (others)
  4 toadstools (D:1)
4 creatures vanquished.

Grand Total: 80 creatures vanquished

Notes
Turn   | Place    | Note
-------+----------+-------------------------------------------
     0 | D:1      | Gabide the Demigod Hunter began the quest for the Orb.
     0 | D:1      | Reached XP level 1. HP: 17/17 MP: 3/3
    16 | D:1      | Reached skill level 1 in Stealth
   208 | D:1      | Reached XP level 2. HP: 24/24 MP: 4/4
   919 | D:2      | Reached XP level 3. HP: 30/30 MP: 5/5
   986 | D:2      | Noticed Terence
   990 | D:2      | Killed Terence
  1631 | D:2      | Reached XP level 4. HP: 24/40 MP: 6/6
  3449 | D:4      | Reached XP level 5. HP: 34/46 MP: 7/7
  3835 | D:4      | Noticed a black bear
  3842 | D:4      | HP: 1/46 [black bear (4)]
  3842 | D:4      | Slain by a black bear

Illustrated notes

Levels and vault maps discovered:
D:1:      ldierk_walled_garden_2, layout_basic, minmay_surrounded
D:2:      layout_loops_ring, basic_ecumenical_altar, uniq_terence
D:3:      layout_rooms, kennysheep_generic_room_10
D:4:      layout_basic

Skill      XL: |  1  2  3  4 |
---------------+-------------+-----
Stealth        | 1 |  1.0
Dodging        | 2 3 |  3.7
Fighting       | 2 3 4 |  4.0
Ranged Weapons | 4 |  4.0

Action                   |  1- 3 |  4- 6 || total
-------------------------+-------+-------++-------
 Fire: Shortbow          |   101 |   110 ||   211
  Use: Scroll            |     5 |     5 ||    10
       Potion            |       |     5 ||     5
Armor: Leather armour    |     7 |    16 ||    23
       Skin              |       |     1 ||     1
Dodge: Dodged            |    20 |    40 ||    60
